 Dungeon Crawl Stone Soup version 0.28.0-49-g6dfe1f597d (webtiles) character file.

Game seed: 1428408961244500025

85 bnorton916 the Magician (level 4, -5/24 HPs)
             Began as a Deep Elf Fire Elementalist on May 17, 2022.
             Slain by an ogre
             ... wielding a +0 giant club
              (11 damage)
             ... on level 2 of the Dungeon.
             The game lasted 00:03:15 (1954 turns).

bnorton916 the Magician (DEFE)                      Turns: 1954, Time: 00:03:16

Health: -5/24      AC:  2    Str:  5    XL:     4   Next: 25%
Magic:  2/12       EV: 12    Int: 22    God:
Gold:   62         SH:  0    Dex: 15    Spells: 5/11 levels left

rFire   . . .      SeeInvis .   (no weapon)
rCold   . . .      Faith    .   (no shield)
rNeg    . . .      Spirit   .   a - +0 robe
rPois   .          Reflect  .   (no helmet)
rElec   .          Harm     .   (no cloak)
rCorr   .          Rampage  .   (no gloves)
Will    .....                   (no boots)
Stlth   ++........              (no amulet)
HPRegen 0.08/turn               (no ring)
MPRegen 0.13/turn               (no ring)

@: no status effects
A: no striking features
a: no special abilities


You were on level 2 of the Dungeon.
You visited 1 branch of the dungeon, and saw 2 of its levels.

You collected 62 gold pieces.

Inventory:

Hand Weapons
 g - a +2 dagger of holy wrath
 h - the +9 hand axe of Soekorch {spect, rElec Will+ MP-9 Stlth+}
   (You found it on level 2 of the Dungeon)

   When its wielder attacks, the weapon's spirit leaps out and strikes again.
   The spirit shares a part of any damage it takes with its wielder.
   rElec:     It insulates you from electricity.
   MP:        It affects your magic capacity (-9).
   Will:      It increases your willpower.
   Stlth:     It makes you more stealthy.
Missiles
 c - a throwing net
Armour
 a - a +0 robe (worn)
Jewellery
 k - a ring of protection from cold
Wands
 i - a wand of digging (7)
Scrolls
 b - 3 scrolls of identify {unknown}
 e - a scroll of enchant weapon {unknown}
Potions
 d - a potion of cancellation {unknown}
 f - 3 potions of ambrosia {unknown}
 j - a potion of might {unknown}


   Skills:
 - Level 2.4 Dodging
 - Level 2.4 Stealth
 + Level 4.3 Spellcasting
 + Level 2.7 Conjurations
 + Level 4.1 Fire Magic


You had 5 spell levels left.
You knew the following spells:

 Your Spells              Type           Power      Damage    Failure   Level
a - Foxfire               Conj/Fire      80%        2x1d8     2%          1
b - Scorch                Fire           46%        2d7       3%          2
c - Conjure Flame         Conj/Fire      20%        6-21      8%          3

Your spell library contained the following spells:

 Spells                   Type           Power      Damage    Failure   Level
 Animate Skeleton         Necr           8%         N/A       11%         1
 Apportation              Tloc           8%         N/A       11%         1
 Summon Small Mammal      Summ           16%        N/A       11%         1
 Inner Flame              Hex/Fire       13%        N/A       14%         3
 Flame Wave               Conj/Fire      20%        2d7       26%         4


Dungeon Overview and Level Annotations

Branches:
Dungeon (2/15)

Altars:


Message History

The foxfire hits the ogre.
The ogre is moderately wounded.
The foxfire hits the ogre but does no damage.
The ogre is moderately wounded.
Casting: Foxfire (safe; 2% risk of failure)
Confirm with . or Enter, or press ? or * to list all spells.
Flames lash the ogre.
The ogre is heavily wounded.
The ogre's fire resistance burns away.
The ogre hits you with a +0 giant club!
Ouch! That really hurt!
Unknown command.
Casting: Scorch (safe; 3% risk of failure)
Confirm with . or Enter, or press ? or * to list all spells.
Flames lash the endoplasm.
You kill the endoplasm!
The ogre hits you with a +0 giant club.
* * * LOW HITPOINT WARNING * * *
The ogre closely misses you.
Unknown command.
Casting: Scorch (safe; 3% risk of failure)
Confirm with . or Enter, or press ? or * to list all spells.
Flames lash the adder.
The adder is heavily wounded.
The adder's fire resistance burns away.
The ogre is no longer more vulnerable to fire.
The ogre barely misses you. The ogre misses you.
Casting: Scorch (safe; 3% risk of failure)
Confirm with . or Enter, or press ? or * to list all spells.
Flames lash the adder.
The adder is burned terribly!
The adder is almost dead.
The ogre barely misses you.
Unknown command.
Casting: Scorch (safe; 3% risk of failure)
Confirm with . or Enter, or press ? or * to list all spells.
Flames lash the adder.
The adder is burned terribly!
You kill the adder!
The ogre completely misses you. The ogre hits you with a +0 giant club!
You die...

#....#..#.# #.# #..†..##.#..#
#.......#.# #.# #......###..#
#.......#[####.# #........####
###.......#......# ##.........J#
..........#####..# #....#.###..
##...............# #....#.# ###
#........######.#####....#)# #
#.............#.#.....÷..#.#####
#........>.....@O...............
###......####..###.########......
.........# #..# #...............
####.....# ##..###############...
.........# #.....................
####.#...# #.....##.....######...
#.<.....# #...............<.....
##.###...# #.....##.....####.#.#.
.#....#############.#.#......#.#.


You could see an ogre.

Vanquished Creatures
  4 adders (D:2)
  A dart slug (D:1)
  5 ball pythons
  5 bats
  2 endoplasms (D:2)
  3 giant cockroaches
  5 goblins
  3 hobgoblins (D:1)
  4 quokkas
  5 frilled lizards
  6 kobolds
  4 rats
47 creatures vanquished.

Vanquished Creatures (others)
  104 foxfires
  2 fungi (D:1)
  5 plants (D:1)
111 creatures vanquished.

Grand Total: 158 creatures vanquished

Notes
Turn   | Place    | Note
-------+----------+-------------------------------------------
     0 | D:1      | bnorton916 the Deep Elf Fire Elementalist began the quest
                  | for the Orb.
     0 | D:1      | Reached XP level 1. HP: 10/10 MP: 6/6
     6 | D:1      | Noticed a black mamba
     6 | D:1      | Noticed a hound
     6 | D:1      | Noticed a rime drake
     7 | D:1      | Noticed a lindwurm
     7 | D:1      | Noticed a redback
   104 | D:1      | Reached XP level 2. HP: 15/15 MP: 5/8
   559 | D:1      | Reached XP level 3. HP: 19/19 MP: 7/10
   686 | D:1      | Found a faded altar of an unknown god.
   923 | D:2      | Identified the +9 hand axe of Soekorch {spect, rElec Will+
                  | MP-9 Stlth+}
  1388 | D:2      | Learned a level 2 spell: Scorch
  1392 | D:2      | Learned a level 3 spell: Conjure Flame
  1602 | D:2      | Reached XP level 4. HP: 24/24 MP: 10/12
  1918 | D:2      | Noticed an ogre
  1954 | D:2      | Slain by an ogre

Illustrated notes

Levels and vault maps discovered:
D:1:      onia_arrival_zoo_common, layout_rooms,
          shapermc_ecumenical_altar_mp_ritualfount, serial_bayou_pond_e
D:2:      layout_basic, minmay_divided_ellipse

Skill      XL: |  1  2  3 |
---------------+----------+-----
Conjurations   | 2 |  2.7
Spellcasting   | 4 |  4.3
Fire Magic     | 4 |  4.1
Dodging        | |  2.4
Stealth        | |  2.4

Action                   |  1- 3 |  4- 6 || total
-------------------------+-------+-------++-------
 Cast: Foxfire           |    53 |    12 ||    65
       Scorch            |       |     5 ||     5
Armor: Robe              |     1 |     1 ||     2
Dodge: Dodged            |    15 |    12 ||    27
